 Dungeon Crawl Stone Soup version 0.29.0-5-ge4962eb29e (webtiles) character file.

Game seed: 7949943219236979

60 tbh1313 the Sneak (level 3, -2/16 HPs)
             Began as a Spriggan Enchanter on Aug 30, 2022.
             Killed from afar by Natasha (8 damage)
             ... with a magic dart
             ... on level 2 of the Dungeon.
             The game lasted 00:04:41 (1962 turns).

tbh1313 the Sneak (Spriggan Enchanter)              Turns: 1962, Time: 00:04:42

Health: -2/16      AC:  2    Str:  4    XL:     3   Next: 80%
Magic:  9/9        EV: 17    Int: 16    God:
Gold:   80         SH:  0    Dex: 17    Spells: 9/9 levels left

rFire   . . .      SeeInvis +   g - +1 dagger (speed)
rCold   . . .      Faith    .   (no shield)
rNeg    . . .      Spirit   .   b - +0 robe
rPois   .          Reflect  .   (helmet restricted)
rElec   .          Harm     .   (no cloak)
rCorr   .          Rampage  .   (gloves unavailable)
Will    .....                   (boots unavailable)
Stlth   +++.......              (no amulet)
HPRegen 0.05/turn               (no ring)
MPRegen 0.11/turn               (no ring)

@: very quick
A: very small, no large weapons, unfitting armour, see invisible, speed 3
a: no special abilities


You were on level 2 of the Dungeon.
You visited 1 branch of the dungeon, and saw 3 of its levels.

You collected 80 gold pieces.

Inventory:

Hand Weapons
 g - a +1 dagger of speed (weapon)
Armour
 a - an orb of energy
 b - a +0 robe (worn)
Scrolls
 f - a scroll of teleportation
Potions
 c - a potion of invisibility
 e - 3 potions of curing
 i - a potion of mutation {unknown}


   Skills:
 + Level 2.4 Short Blades
 - Level 2.6 Dodging
 - Level 4.4 Stealth
 + Level 3.7 Spellcasting
 + Level 4.4 Hexes


You had 9 spell levels left.
You didn't know any spells.
Your spell library contained the following spells:

 Spells                   Type           Power      Damage    Failure   Level
 Confusing Touch          Hex            17%        N/A       9%          3
 Tukima's Dance           Hex            17%        N/A       9%          3
 Ensorcelled Hibernation  Hex/Ice        20%        N/A       11%         2
 Dazzling Flash           Conj/Hex       20%        N/A       22%         3


Dungeon Overview and Level Annotations

Branches:
Dungeon (3/15)

Altars:
Nemelex Xobeh
Xom

Shops:
D:1 =

Annotations:
D:2 Natasha


Innate Abilities, Weirdness & Mutations

You are very small and have problems with some larger weapons.
You are too small for most types of armour.
You have supernaturally acute eyesight. (SInv)
You cover ground extremely quickly. (Speed+++)


Message History

You closely miss Natasha.
Natasha is lightly wounded.
Natasha barely misses you.
You hit Natasha but do no damage.
Natasha is lightly wounded.
Natasha barely misses you.
You closely miss Natasha.
Natasha is lightly wounded.
You hit Natasha but do no damage.
Natasha is lightly wounded.
Natasha closely misses you.
You hit Natasha but do no damage.
Natasha is lightly wounded.
You hit Natasha.
Natasha is moderately wounded.
Natasha claws you.
You barely miss Natasha.
Natasha is moderately wounded.
Natasha misses you.
You hit Natasha.
Natasha is heavily wounded.
You hit Natasha.
Natasha is severely wounded.
Natasha casts a spell.
You hit Natasha.
Natasha is almost dead.
You hit Natasha but do no damage.
Natasha is almost dead.
Natasha claws you!
You hit Natasha but do no damage.
Natasha is almost dead.
Natasha barely misses you.
You closely miss Natasha.
Natasha is almost dead.
You closely miss Natasha.
Natasha is almost dead.
Natasha casts a spell at you. The magic dart hits you!
Ouch! That really hurt!
You die...

..# ...# #>... ######
....#.## .#...
.....#.....#'#.### ....
≈~~ ...<.............#
#..## ≈≈~
.................+ ...#
~≈≈~
...............h5#+###..#
.~≈≈~ .........>.
#@....$..##+#.~~≈≈
..........#
#....##........~≈≈
h.........#
#....##.†......~≈≈
..........#
#....##...>....~≈≈
..........#
#....#####.....~≈≈
.......... #....#
#.###~~≈≈ ##+##+###
#....# #.# ≈≈~ ....#. ..#
~ ###.#.# ###


You could see Natasha and a shadow imp (summoned).

Vanquished Creatures
  An adder (D:2)
  A dart slug (D:1)
  4 giant cockroaches (D:1)
  2 hobgoblins
  7 jackals
  A quokka (D:2)
  3 ball pythons (D:1)
  6 bats (D:1)
  5 frilled lizards
  6 goblins (D:1)
  8 kobolds
  A rat (D:3)
45 creatures vanquished.

Vanquished Creatures (others)
  7 fungi (D:3)
7 creatures vanquished.

Grand Total: 52 creatures vanquished

Notes
Turn   | Place    | Note
-------+----------+-------------------------------------------
     0 | D:1      | tbh1313 the Spriggan Enchanter began the quest for the Orb.
     0 | D:1      | Reached XP level 1. HP: 9/9 MP: 5/5
   420 | D:1      | Reached XP level 2. HP: 13/13 MP: 7/7
   884 | D:1      | Found Nezac's Jewellery Boutique.
   891 | D:1      | Reached XP level 3. HP: 16/16 MP: 8/8
  1476 | D:2      | Noticed Natasha
  1478 | D:2      | You fall into a shaft and drop 1 floor!
  1507 | D:3      | Found a shimmering altar of Xom.
  1718 | D:3      | Found a sparkling altar of Nemelex Xobeh.
  1962 | D:2      | Killed from afar by Natasha

Illustrated notes

Levels and vault maps discovered:
D:1:      minmay_arrival_semitransparent, layout_basic, serial_shops,
          nicolae_shop_waterfront, minmay_worlds_worst_comb
D:2:      wander_river, layout_basic, amcnicky_mini_pool_small,
          minmay_pentomino_r2, uniq_natasha
D:3:      layout_basic, lemuel_round_altar, mainiacjoe_overflow_catch_the_wave,
          nicolae_shop_vocational, uniq_ijyb

Skill      XL: |  1  2 |
---------------+-------+-----
Spellcasting   | 3 |  3.7
Hexes          | 4 |  4.4
Short Blades   | 2 |  2.4
Dodging        | |  2.6
Stealth        | |  4.4

Action                   || total
-------------------------++-------
Melee: Dagger            ||   180
  Use: Potion            ||     1
       Scroll            ||     4
 Stab: Sleeping          ||     7
       Invisible         ||     1
Armor: Robe              ||    16
Dodge: Dodged            ||   109
